 Seeded DCSS version 0.30-a0-691-g754fce4c43 (webtiles) character file.

Game seed: 14267924721094143622 (custom seed)

155367 mampy3000 the Slayer (level 17, -13/173 HPs)
             Began as a Minotaur Berserker on Jan 19, 2023.
             Was an Elder of Trog.
             Killed from afar by an ice dragon (42 damage)
             ... with a blast of cold
             ... on level 2 of the Depths.
             The game lasted 01:27:49 (26630 turns).

mampy3000 the Slayer (Minotaur Berserker)          Turns: 26630, Time: 01:27:50

Health: -13/173    AC: 27    Str: 37    XL:     17   Next: 8%
Magic:  16/16      EV: 17    Int:  4    God:    Trog [****..]
Gold:   890        SH: 25    Dex: 21    Spells: 16/16 levels left

rFire   + . .      SeeInvis +    y - +6 whip of Dim Light {drain, *Slow Fly Str+8 SInv}
rCold   . . .      Faith    .    A - +0 tower shield
rNeg    . . .      Spirit   .    u - +8 chain mail "Lukuyna" {rElec Dex+4}
rPois   .          Reflect  +    (helmet restricted)
rElec   +          Harm     .    e - +1 cloak
rCorr   .          Rampage  .    l - +0 pair of gloves
Will    +++..                    f - +0 pair of boots
Stlth   +                        U - amulet of reflection
HPRegen 1.48/turn                F - ring of protection from fire
MPRegen 0.15/turn                P - +6 ring of strength

@: about to teleport, strong-willed, on berserk cooldown, flying, regenerating,
slowed, very slow
A: horns 2, retaliatory headbutt
a: Renounce Religion, Berserk, Trog's Hand, Brothers in Arms


You were on level 2 of the Depths.
You worshipped Trog.
Trog was greatly pleased with you.
You visited 4 branches of the dungeon, and saw 24 of its levels.

You collected 2597 gold pieces.
You spent 1707 gold pieces at shops.

Inventory:

Hand Weapons
 y - the +6 whip of Dim Light (weapon) {drain, *Slow Fly Str+8 SInv}
   (You found it on level 4 of the Dungeon)

   Str:       It affects your strength (+8).
   SInv:      It lets you see invisible.
   Fly:       It grants you flight.
   *Slow:     It may slow you when you take damage.
Missiles
 w - 6 boomerangs
 I - 7 throwing nets (quivered)
 K - 13 boomerangs of dispersal
 O - 7 javelins
Armour
 e - a +1 cloak (worn)
 f - a +0 pair of boots (worn)
 l - a +0 pair of gloves (worn)
 o - +0 ice dragon scales
 u - the +8 chain mail "Lukuyna" (worn) {rElec Dex+4}
   (You bought it in a shop on level 2 of the Orcish Mines)

   Dex:       It affects your dexterity (+4).
   rElec:     It insulates you from electricity.
 A - a +0 tower shield (worn)
 R - an orb of mayhem
Jewellery
 v - an amulet of faith
 F - a ring of protection from fire (left hand)
 P - a +6 ring of strength (right hand)
 Q - a ring of flight
 U - an amulet of reflection (around neck)
Wands
 h - a wand of digging (8)
 m - a wand of flame (52)
 p - a wand of iceblast (32)
 s - a wand of paralysis (6)
 J - a wand of light (2)
 N - a wand of mindburst (3)
Scrolls
 g - 7 scrolls of immolation
 i - a scroll of summoning
 j - a scroll of identify
 t - 9 scrolls of teleportation
 z - 2 scrolls of magic mapping
 D - a scroll of enchant armour
 H - 5 scrolls of fear
 M - 6 scrolls of poison
 S - a scroll of enchant weapon
 T - 4 scrolls of silence
 X - 5 scrolls of fog
Potions
 a - 4 potions of might
 b - 4 potions of flight
 c - 3 potions of lignification
 d - 5 potions of cancellation
 k - 3 potions of haste
 n - 9 potions of attraction
 q - 2 potions of magic {unknown}
 r - 7 potions of curing
 x - 4 potions of brilliance
 B - a potion of invisibility {unknown}
 C - 3 potions of mutation
 G - a potion of berserk rage {unknown}
Miscellaneous
 V - a phial of floods


   Skills:
 + Level 21.3 Fighting
 + Level 18.4 Maces & Flails
 + Level 4.4 Polearms
 + Level 15.1 Armour
 + Level 14.3 Dodging
 + Level 7.1 Stealth
 + Level 13.4 Shields
 + Level 0.6 Evocations


You had 16 spell levels left.
You didn't know any spells.
Your spell library was empty.

Dungeon Overview and Level Annotations

Branches:
Dungeon (15/15)            Temple (0/1) D:7            Lair (5/5) D:9
 Shoals (0/4) Lair:3       Spider (0/4) Lair:2        Slime (0/5) Lair:4
    Orc (2/2) D:9             Elf (0/3) Orc:2        Vaults (0/5) D:14
 Depths (2/4) D:15

Altars:
Ashenzari
Cheibriados
Kikubaaqudgha
Nemelex Xobeh
Sif Muna
Trog
Uskayaw
Wu Jian
Xom
Zin

Shops:
D:4 *   D:15 (   Orc:1 *   Orc:2 !?[(?

Portals:
Hell: Depths:1 Depths:2
Abyss: Depths:1
Pandemonium: Depths:2
Ziggurat: Depths:2

Annotations:
Lair:4 2 transporters, exclusion: ice statue, flotson's ghost, journeyman DsDe


Innate Abilities, Weirdness & Mutations

You have a pair of horns on your head.
You reflexively headbutt those who attack you in melee.


Message History

You are confused.
You feel invigorated.
You are engulfed in freezing vapours.
* * * LOW HITPOINT WARNING * * *
The ice dragon barely misses you.
The ice dragon claws you but does no damage.
The ice dragon tramples you.
* * * LOW HITPOINT WARNING * * *
You are shoved backwards!
The ice dragon is engulfed in freezing vapours.
The ice dragon barely misses you. The ice dragon misses you.
The ice dragon tramples you but does no damage.
You are more confused.
You feel more invigorated.
A storm dragon comes into view.
The ice dragon barely misses you. x2; The ice dragon tramples you.
* * * LOW HITPOINT WARNING * * *
You are shoved backwards!
You feel better.
You feel less invigorated. The ice dragon breathes frost at you.
The blast of cold hits you.
* * * LOW HITPOINT WARNING * * *
The ice dragon bites you but does no damage.
You block the ice dragon's attack. x2
Your skin crawls.
You feel strong-willed.
You are engulfed in freezing vapours.
* * * LOW HITPOINT WARNING * * *
A death drake comes into view.
A tentacled monstrosity comes into view.
A shadow dragon comes into view.
The ice dragon bites you but does no damage.
You block the ice dragon's attack. x2
Blink to where?
Press: ? - help, Q - select action, (/) - cycle Dir - move target
As you read the scroll of blinking, it crumbles to dust.
As you read the scroll of teleportation, it crumbles to dust.
You feel strangely unstable. The ice dragon breathes frost at you.
The blast of cold hits you!!!
You die...

##################
..........P......#
.DP..............#
~X~~≈~[~~~~~~....#
≈k≈≈D≈≈≈≈≈D≈~....#
≈~≈~~≈#####D○....#
......#TTC#≈~...@#
#######.T.#≈≈....#
#'###≈~....#
#.#.≈≈~....#
#.#.~≈~....#
#.#.≈≈~....#
#.~~~....#
#.~≈~..P.#
##.#.≈≈~....#


You could see a storm dragon and an ice dragon (catching breath).

Vanquished Creatures
  A caustic shrike (Depths:2)
  A golden dragon (Depths:2)
  Rupert (Lair:5)
  A walking divine tome (Depths:1)
  3 sphinxes
  A fire giant (Depths:1)
  2 frost giants (Depths:2)
  Louise (D:14)
  5 spectral caustic shrikes (Depths:1)
  14 very ugly things
  3 stone giants
  The ghost of Ribbiut the Fighter, a journeyman GrFi of Trog (Orc:1)
  A dire elephant (Lair:5)
  6 spark wasps (Depths:2)
  4 ettins
  Snorg (D:10)
  3 fire dragons
  An entropy weaver (shapeshifter) (D:13)
  Harold (D:9)
  A hell beast (Depths:2)
  6 ice dragons
  5 rakshasas
  5 hydras
  A spriggan air mage (Depths:2)
  2 catoblepae
  5 centaur warriors
  A boulder beetle (D:14)
  5 two-headed ogres
  2 deep troll shamans
  A vampire mage (Depths:1)
  3 deep troll earth magi
  2 tengu warriors (D:15)
  3 orc high priests (Orc:2)
  A spriggan berserker (Depths:1)
  Urug (D:10)
  A soul eater (Depths:2)
  A sun demon (Depths:2)
  11 skeletal warriors
  4 iron trolls
  6 deep trolls
  A death drake (Depths:2)
  Pikel (D:6)
  A glowing orange brain (Depths:1)
  A lindwurm (Lair:5)
  3 wizards
  5 orc knights
  A necromancer (D:15)
  A wolf spider (Lair:5)
  4 deep elf pyromancers
  A manticore (Lair:5)
  5 orc sorcerers
  19 ugly things
  3 cyclopes
  5 elephants (Lair:2)
  A centaur zombie (D:15)
  6 black mambas
  A naga mage (D:15)
  A guardian serpent (Lair:5)
  2 gargoyles
  19 cane toads
  An unseen horror (D:12)
  3 rime drakes
  A freezing wraith (D:12)
  A kobold demonologist (Depths:1)
  9 komodo dragons
  3 yaktaurs (D:14)
  2 tengu conjurers (Depths:1)
  3 meliai (D:14)
  7 trolls
  9 polar bears (Lair:5)
  A wolf spider simulacrum (D:15)
  3 hornets
  19 blink frogs
  2 raiju (Lair:5)
  12 slime creatures
  A ynoxinul (Depths:2)
  A centaur simulacrum (D:15)
  A yak (shapeshifter) (D:15)
  A shadow (D:10)
  5 wraiths
  2 vampires
  2 water elementals (Depths:1)
  16 yaks
  Grum (D:10)
  A basilisk (shapeshifter) (D:14)
  2 redbacks (Lair:5)
  4 basilisks
  2 steam dragons
  15 wyverns
  6 wargs
  10 vampire mosquitoes
  A chaos spawn (Depths:2)
  2 acid dragons
  18 water moccasins
  15 hell hounds (Lair:5)
  2 ice beasts (D:5)
  13 black bears
  18 orc warriors
  9 ogres
  13 centaurs
  A boggart (D:12)
  A lemure (D:6)
  26 wolves
  A phantom (D:4)
  17 bullfrogs
  8 kobold brigands
  6 necrophages
  3 gnoll sergeants (D:9)
  6 scorpions (Lair:2)
  7 wights
  34 killer bees
  2 electric eels (D:13)
  9 howler monkeys
  2 jellies
  Crazy Yiuf (D:4)
  2 gnoll boudas
  17 orc priests
  6 iguanas
  Jessica (D:2)
  Natasha (thrice) (D:2)
  23 orc wizards
  4 hell rats (Lair:1)
  Robin (D:3)
  11 gnolls
  10 river rats (D:5)
  4 adders
  A shadow imp (D:6)
  A white imp (D:7)
  2 worms
  2 dart slugs
  63 orcs
  4 ball pythons
  3 bats
  4 endoplasms
  5 giant cockroaches
  14 goblins
  3 hobgoblins
  2 jackals (D:1)
  12 kobolds
  10 quokkas
  3 frilled lizards
  14 rats
785 creatures vanquished.

Vanquished Creatures (collateral kills)
  Josephine (D:11)
  A deep troll shaman (Depths:1)
  A deep troll (Depths:1)
  An ugly thing (Depths:1)
  A troll (D:9)
  A shadow (D:11)
  A yak (D:9)
  4 killer bees (D:11)
11 creatures vanquished.

Vanquished Creatures (others)
  A killer bee (D:11)
  An orc (D:11)
  29 fungi
  67 plants
98 creatures vanquished.

Grand Total: 894 creatures vanquished

Notes
Turn   | Place    | Note
-------+----------+-------------------------------------------
     0 | D:1      | mampy3000 the Minotaur Berserker began the quest for the
                  | Orb.
     0 | D:1      | Reached XP level 1. HP: 19/19 MP: 0/0
   226 | D:1      | Reached XP level 2. HP: 27/27 MP: 1/1
   352 | D:1      | Reached skill level 4 in Fighting
  1120 | D:2      | Identified the +2 ring mail of Fuschu Soikiu {Will+ MP+9
                  | Str-2 Dex+4 SInv}
  1123 | D:2      | Noticed Natasha
  1132 | D:2      | Noticed a crimson imp
  1132 | D:2      | Killed Natasha
  1133 | D:2      | Reached XP level 3. HP: 33/33 MP: 2/2
  1311 | D:2      | Noticed Jessica
  1318 | D:2      | Killed Jessica
  1319 | D:2      | Reached XP level 4. HP: 41/41 MP: 3/3
  1457 | D:2      | Noticed Natasha
  1464 | D:2      | Killed Natasha
  1465 | D:2      | Reached skill level 5 in Maces & Flails
  1605 | D:2      | Noticed Natasha
  1614 | D:2      | Killed Natasha
  2033 | D:3      | Reached skill level 5 in Fighting
  2125 | D:3      | Noticed Robin
  2130 | D:3      | Reached XP level 5. HP: 48/48 MP: 4/4
  2135 | D:3      | Reached ** piety under Trog
  2146 | D:3      | Killed Robin
  2377 | D:3      | You fall into a shaft and drop 3 floors!
  2388 | D:5      | Entered Level 5 of the Dungeon
  2400 | D:5      | Reached skill level 1 in Stealth
  2432 | D:4      | Found Nyagreb's Assorted Antiques.
  2450 | D:4      | Reached XP level 6. HP: 52/56 MP: 5/5
  2464 | D:4      | Bought a scroll labelled ROEBOD ZAGRAOPH for 29 gold pieces
  2464 | D:4      | Bought a scroll labelled DAMICA YSAJ for 29 gold pieces
  2464 | D:4      | Bought a scroll labelled ROEBOD ZAGRAOPH for 29 gold pieces
  3164 | D:4      | Identified the +6 whip of Dim Light {drain, *Slow Fly Str+8
                  | SInv}
  3203 | D:4      | Found a runed translucent door.
  3204 | D:4      | Noticed Crazy Yiuf
  3210 | D:4      | Killed Crazy Yiuf
  3281 | D:4      | Reached XP level 7. HP: 54/61 MP: 6/6
  3934 | D:5      | Found a hide-covered altar of Uskayaw.
  3937 | D:5      | Reached skill level 6 in Fighting
  4008 | D:5      | Reached *** piety under Trog
  4027 | D:5      | Reached skill level 5 in Armour
  4269 | D:5      | Reached XP level 8. HP: 63/70 MP: 7/7
  4723 | D:6      | Found the +6 shillelagh "Devastator" {shatter}
  4889 | D:6      | Noticed Pikel
  4901 | D:6      | Killed Pikel
  4902 | D:6      | Reached skill level 7 in Fighting
  4902 | D:6      | Reached skill level 10 in Maces & Flails
  4902 | D:6      | Reached XP level 9. HP: 79/79 MP: 8/8
  5362 | D:7      | Reached **** piety under Trog
  5391 | D:7      | Reached skill level 5 in Dodging
  5402 | D:7      | Found a staircase to the Ecumenical Temple.
  5830 | D:7      | Found a snail-covered altar of Cheibriados.
  5848 | D:7      | Found an ornate altar of the Wu Jian Council.
  5848 | D:7      | Found an ancient bone altar of Kikubaaqudgha.
  5979 | D:7      | Identified a scroll of acquirement
  5980 | D:7      | Acquired a manual of Fighting
  6059 | D:8      | Reached skill level 8 in Fighting
  6637 | D:8      | Found a glowing silver altar of Zin.
  6880 | D:9      | Reached XP level 10. HP: 90/90 MP: 9/9
  6924 | D:9      | Reached ***** piety under Trog
  6966 | D:9      | Reached skill level 9 in Fighting
  7070 | D:9      | Reached skill level 10 in Fighting
  7100 | D:9      | Noticed Harold
  7115 | D:9      | Killed Harold
  7227 | D:9      | Reached skill level 11 in Fighting
  7316 | D:9      | Found a staircase to the Lair.
  7405 | D:9      | Found a staircase to the Orcish Mines.
  7434 | D:9      | Reached XP level 11. HP: 103/103 MP: 10/10
  7637 | D:10     | Entered Level 10 of the Dungeon
  7637 | D:10     | Noticed a wizard
  7645 | D:10     | Killed a wizard
  7646 | D:10     | Reached skill level 12 in Fighting
  7808 | D:10     | Noticed Snorg
  7829 | D:10     | Killed Snorg
  8050 | D:10     | Found a shimmering blue altar of Sif Muna.
  8050 | D:10     | Found a broken altar of Ashenzari.
  8124 | D:10     | Reached skill level 13 in Fighting
  8169 | D:10     | Noticed Grum
  8179 | D:10     | Killed Grum
  8224 | D:10     | Noticed Urug
  8233 | D:10     | Killed Urug
  8389 | D:10     | Found a shimmering altar of Xom.
  8785 | D:11     | Noticed a two-headed ogre
  8797 | D:11     | Killed a two-headed ogre
  8798 | D:11     | Reached skill level 10 in Armour
  8824 | D:11     | Noticed a two-headed ogre
  8835 | D:11     | Killed a two-headed ogre
  8836 | D:11     | Reached skill level 14 in Fighting
  8848 | D:11     | Noticed a five-headed hydra
  8857 | D:11     | Killed a five-headed hydra
  8857 | D:11     | Received a gift from Trog
  8900 | D:11     | Noticed a white ugly thing
  8908 | D:11     | Killed a white ugly thing
  9064 | D:11     | Reached skill level 15 in Fighting
  9064 | D:11     | Reached XP level 12. HP: 81/119 MP: 11/11
  9434 | D:11     | Noticed Josephine
  9449 | D:11     | Killed Josephine
  9922 | D:12     | Reached skill level 16 in Fighting
  9922 | D:12     | Reached skill level 10 in Dodging
 10116 | D:12     | Noticed a centaur warrior
 10153 | D:12     | Killed a centaur warrior
 10207 | D:12     | Noticed a white very ugly thing
 10220 | D:12     | Reached skill level 17 in Fighting
 10220 | D:12     | Reached skill level 15 in Maces & Flails
 10237 | D:12     | Received a gift from Trog
 10524 | D:12     | Killed a white very ugly thing
 10525 | D:12     | Reached XP level 13. HP: 122/132 MP: 12/12
 11091 | D:13     | Found a bloodstained altar of Trog.
 11159 | D:13     | Identified the +1 robe of the Lotus Blossom {Rampage rPois
                  | Int-5 Stlth+}
 11809 | Lair:1   | Entered Level 1 of the Lair of Beasts
 11860 | Lair:1   | Reached skill level 5 in Stealth
 12706 | Lair:2   | Reached skill level 18 in Fighting
 12999 | Lair:2   | Found a hole to the Spider Nest.
 13009 | Lair:2   | Received a gift from Trog
 13362 | Lair:3   | Found a staircase to the Shoals.
 14105 | Lair:4   | Found a transporter.
 14106 | Lair:4   | Found a transporter.
 14162 | Lair:4   | Reached XP level 14. HP: 144/144 MP: 13/13
 14258 | Lair:4   | Noticed flotson's ghost (journeyman DsDe)
 14772 | Lair:4   | Found a staircase to the Slime Pits.
 14930 | Lair:5   | Entered Level 5 of the Lair of Beasts
 14954 | Lair:5   | Reached skill level 1 in Shields
 15042 | Lair:5   | Identified the +8 short sword "Inuedd" {speed, rN+ rCorr}
 15578 | Lair:5   | Noticed Rupert
 15589 | Lair:5   | Killed Rupert
 15590 | Lair:5   | Reached skill level 19 in Fighting
 16766 | Lair:5   | Identified the +9 trident of Fedhas's Envy {flame, Fragile
                  | rF+ Str+7 Int-5}
 16905 | Lair:5   | Received a gift from Trog
 16942 | Lair:5   | Lost intelligence.
 17243 | Orc:1    | Entered Level 1 of the Orcish Mines
 17409 | Orc:1    | Found Urieqen's CLEARANCE SALE!.
 17490 | Orc:1    | Found a runed translucent gate.
 17492 | Orc:1    | Found a runed translucent gate.
 17493 | Orc:1    | Found a runed translucent gate.
 17520 | Orc:1    | Noticed Ribbiut's ghost (journeyman GrFi)
 17533 | Orc:1    | Killed Ribbiut's ghost
 17536 | Orc:1    | Identified the +7 battleaxe of the Dwarven Hall {heavy,
                  | MP+9}
 17682 | Orc:2    | Entered Level 2 of the Orcish Mines
 17685 | Orc:2    | Found Paoloj's Distillery.
 17723 | Orc:2    | Bought a potion of curing for 54 gold pieces
 17723 | Orc:2    | Bought 2 potions of curing for 108 gold pieces
 17723 | Orc:2    | Bought a potion of curing for 54 gold pieces
 17723 | Orc:2    | Bought a potion of curing for 54 gold pieces
 17723 | Orc:2    | Bought a potion of heal wounds for 90 gold pieces
 17923 | Orc:2    | Found a staircase to the Elven Halls.
 17930 | Orc:2    | Reached skill level 1 in Polearms
 18166 | Orc:2    | Found Kazi's Magic Scroll Emporium.
 18168 | Orc:2    | Reached XP level 15. HP: 143/155 MP: 14/14
 18543 | Orc:2    | Reached skill level 5 in Shields
 18546 | Orc:2    | Found Woecrigg's Armour Emporium.
 18559 | Orc:2    | Found Biuskick's Weapon Boutique.
 18592 | Orc:2    | Found Xalut's Magic Scroll Boutique.
 18634 | Orc:2    | Bought the +8 chain mail "Lukuyna" {rElec Dex+4} for 936
                  | gold pieces
 18647 | Orc:2    | Bought a scroll of blinking for 90 gold pieces
 18647 | Orc:2    | Bought a scroll of teleportation for 36 gold pieces
 18647 | Orc:2    | Bought a scroll of identify for 24 gold pieces
 18647 | Orc:2    | Bought a scroll of identify for 24 gold pieces
 18665 | Orc:2    | Bought a scroll of identify for 30 gold pieces
 18665 | Orc:2    | Bought a scroll of teleportation for 45 gold pieces
 18665 | Orc:2    | Bought a scroll of identify for 30 gold pieces
 18665 | Orc:2    | Bought a scroll of teleportation for 45 gold pieces
 19582 | D:14     | Found a gate to the Vaults.
 19849 | D:14     | Noticed Louise
 19864 | D:14     | Killed Louise
 19865 | D:14     | Reached skill level 20 in Fighting
 20010 | D:15     | Entered Level 15 of the Dungeon
 20019 | D:15     | Found Qeximoa's Antique Weapon Emporium.
 20825 | D:15     | Paralysed by an orc sorcerer for 5 turns
 20947 | D:15     | Found a staircase to the Depths.
 20965 | Depths:1 | Entered Level 1 of the Depths
 21155 | D:15     | Upgraded the game from 0.30-a0-672-gc3a7216ad8 to
                  | 0.30-a0-691-g754fce4c43
 21476 | Depths:1 | Noticed a walking divine tome
 21511 | Depths:1 | Killed a walking divine tome
 22523 | Depths:1 | Reached XP level 16. HP: 165/165 MP: 15/15
 22631 | Depths:1 | Noticed a sphinx
 22643 | Depths:1 | Paralysed by a sphinx for 3 turns
 22659 | Depths:1 | Paralysed by a sphinx for 5 turns
 22665 | Depths:1 | Killed a sphinx
 23263 | Depths:1 | Found a one-way gate to the infinite horrors of the Abyss.
 23324 | Depths:1 | Reached skill level 10 in Shields
 23537 | Depths:1 | Found a gateway to Hell.
 24522 | Depths:1 | Reached skill level 21 in Fighting
 24594 | Depths:1 | Found a sparkling altar of Nemelex Xobeh.
 25804 | Depths:2 | Found a one-way gateway to a ziggurat.
 26056 | Depths:2 | Found a one-way gate leading to the halls of Pandemonium.
 26442 | Depths:2 | Noticed a sphinx
 26448 | Depths:2 | Noticed a sphinx
 26450 | Depths:2 | Killed a sphinx
 26451 | Depths:2 | Reached skill level 15 in Armour
 26461 | Depths:2 | Paralysed by a sphinx for 2 turns
 26483 | Depths:2 | Killed a sphinx
 26484 | Depths:2 | Reached XP level 17. HP: 141/173 MP: 16/16
 26595 | Depths:2 | Noticed a golden dragon
 26595 | Depths:2 | Noticed a caustic shrike
 26609 | Depths:2 | Killed a caustic shrike
 26621 | Depths:2 | Killed a golden dragon
 26624 | Depths:2 | HP: 7/173 [ice dragon] (21)]
 26627 | Depths:2 | Noticed a tentacled monstrosity
 26630 | Depths:2 | Killed from afar by an ice dragon

Illustrated notes

Levels and vault maps discovered:
D:1:      doesnt_arrival_eight_statues, layout_basic
D:2:      layout_basic, uniq_jessica, uniq_natasha
D:3:      layout_basic, dreamdust_wishing_well, uniq_robin
D:4:      layout_loops_corners, serial_shops, shop, grunt_decor_one_mirror,
          uniq_crazy_yiuf_cottage
D:5:      lemuel_ratsnest, layout_basic, eat_drink_and_be_merry_uskayaw,
          nicolae_elevator_lobby_asterisk
D:6:      layout_layer_cave, minivault_11, chequers_serial_rivers_micro_a,
          dilly_guarded_unrand_devastator, uniq_pikel
D:7:      layout_gridville, mainiacjoe_overflow_alcove_1,
          gammafunk_temple_overflow_elements, minmay_temple_entry_junction_2
D:8:      layout_basic, zin_statuary
D:9:      layout_cave_pools, grunt_lair_entry_orc_guard_hut,
          kennysheep_orc_monster_closet_entryway, uniq_harold
D:10:     cheibrodos_wizards_tower, layout_loops_corners,
          mainiacjoe_overflow_alcove_4, gammafunk_temple_overflow_pools,
          uniq_snorg, uniq_grum, uniq_urug
D:11:     wad_woods_minihive, layout_stronghold, uniq_josephine
D:12:     minmay_triangles_in_corner, layout_basic, special_room
          [special_room_orc], kennysheep_path_1
D:13:     layout_loops_cross, minivault_4, trog_three_pillars_becter
D:14:     layout_roguey, david_vaults_1, chequers_jeans, uniq_louise
D:15:     grunt_enter_depths_magical_seal, layout_small_grid,
          minmay_misc_feat_chi, serial_shops, nicolae_shop_trees
Lair:1:   layout_hall_layers
Lair:2:   layout_misc_corridors, nicolae_spider_entry_non_spiders,
          grunt_megastairs_5
Lair:3:   layout_chaotic_city, minmay_shoals_entry_centaurs, minivault_23
Lair:4:   layout_cave_pods, slime_entry_1, nzn_ghost_randoct
Lair:5:   hangedman_lair_tendril_chambers, layout_cave_pods,
          hangedman_lair_caniforms_friends, uniq_rupert
Orc:1:    layout_diamond_mine, ebering_ghost_rock_garden, nicolae_shop_clearance
Orc:2:    st_orc_elflike, layout_diamond_mine, serial_shops,
          nicolae_shop_crystal
Depths:1: kennysheep_ambush_hall, layout_gridlike, pf_hell_entry_tar_river,
          nemelex_altar_shiori, marbit_kobold_abyss_entry,
          kennysheep_generic_room_13
Depths:2: lemuel_castle_with_subvaults [lemuel_castle_interior_carwin_3],
          layout_gridlike, enter_ziggurat_a, rand_demon_pan_entry_8,
          grunt_hell_entry_dis_mu, bh_walls_and_bars

Skill      XL: |  1  2  3  4  5  6  7  8  9 10 11 12 13 14 15 16 |
---------------+-------------------------------------------------+-----
Maces & Flails | 4 5 6 8 10 12 13 14 15 16 17 18 | 18.4
Fighting       | 4 5 6 7 8 11 15 17 18 19 20 21 | 21.3
Armour         | 3 4 5 6 8 9 10 11 12 13 15 | 15.1
Stealth        | 1 2 3 4 6 7 |  7.1
Dodging        | 3 4 5 7 9 11 12 13 14 | 14.3
Shields        | 4 9 13 | 13.4
Polearms       | 1 4 |  4.4
Evocations     | |  0.6

Action                   |  1- 3 |  4- 6 |  7- 9 | 10-12 | 13-15 | 16-18 || total
-------------------------+-------+-------+-------+-------+-------+-------++-------
Melee: Mace              |    17 |       |       |       |       |       ||    17
       Headbutt          |     5 |    19 |    48 |   114 |   326 |   155 ||   667
       Whip              |    23 |   128 |   275 |   542 |  1147 |   510 ||  2625
       Punch             |       |     1 |     1 |     6 |     8 |       ||    16
       Trident           |       |       |       |       |    64 |       ||    64
Throw: Throwing net      |       |       |       |       |     1 |       ||     1
Invok: Berserk           |     2 |     4 |     4 |    16 |    41 |    19 ||    86
       Trog's Hand       |       |       |       |     2 |     8 |     1 ||    11
       Brothers in Arms  |       |       |       |     1 |     3 |       ||     4
Evoke: Phial of floods   |       |       |       |       |     1 |       ||     1
  Use: Scroll            |       |       |     8 |     4 |    15 |    11 ||    38
       Potion            |       |       |       |       |    10 |     5 ||    15
 Stab: Sleeping          |     1 |       |     1 |     1 |    12 |       ||    15
       Distracted        |       |       |       |     1 |     1 |       ||     2
       Petrified         |       |       |       |       |     2 |       ||     2
       Petrifying        |       |       |       |       |     1 |       ||     1
Armor: Animal skin       |     6 |       |       |       |       |       ||     6
       Ring mail         |     1 |    33 |    82 |   129 |   194 |       ||   439
       Chain mail        |       |       |       |       |   122 |   146 ||   268
Dodge: Dodged            |    24 |    50 |   158 |   331 |   662 |   135 ||  1360
Block: Other             |       |       |       |       |   125 |       ||   125
       Reflection        |       |       |       |       |    17 |     3 ||    20
       Tower shield      |       |       |       |       |   226 |   406 ||   632

Table legend: (Time is in decaauts)
 A = Elapsed time spent in this place.
 B = Non-inter-level travel time spent in this place.
 C = Inter-level travel time spent in this place.
 D = Time resting spent in this place.
 E = Time spent auto-exploring this place.
 F = Levels seen in this place.
 G = Mean time per level.
                   A        B        C        D        E       F      G
               +--------+--------+--------+--------+--------+-----+--------+
         Total |  27050 |  25744 |   1306 |      0 |  17969 |  24 | 1127.1 |
       Dungeon |  13854 |  13069 |    785 |      0 |   9910 |  15 |  923.6 |
          Lair |   5338 |   5017 |    321 |      0 |   3614 |   5 | 1067.6 |
  Orcish Mines |   2113 |   1924 |    189 |      0 |   1492 |   2 | 1056.5 |
        Depths |   5744 |   5734 |     10 |      0 |   2952 |   2 | 2872.0 |
               +--------+--------+--------+--------+--------+-----+--------+

Top non-repeatable levels by time:
Depths:1: 4294 daAuts
  Lair:5: 2126 daAuts
Depths:2: 1450 daAuts
   Orc:2: 1340 daAuts
    D:12: 1259 daAuts
    D:10: 1135 daAuts
     D:4: 1115 daAuts
     D:1: 1039 daAuts
    D:11: 1022 daAuts
    D:15: 981 daAuts
  Lair:4: 964 daAuts
     D:5: 936 daAuts
    D:13: 909 daAuts
    D:14: 881 daAuts
     D:2: 873 daAuts
